Map: Ulrena

Players

SteAdfaSt

  • Race: Zerg Zerg
  • League: Grandmaster

PiLiPiLi - Winner!

  • Race: Protoss Protoss
  • League: Grandmaster

VOD

Have the link to the VOD?

Description

Time

  • Played on: March 2, 2016, 2:04 p.m.
  • Length: 11:22
Show
View Real Time Build Order
Export as new Build Order

SteAdfaSt Zerg 

Build Orders: Hatch First 

Get SALT Encoding   

  12  0:00  Drone  
  13  0:13  Overlord  
  13  0:17  Drone  
  14  0:31  Drone x2  
  14  0:35  Drone  
  17  0:52  Hatchery  
  17  0:55  Drone  
  17  0:58  Drone  
  17  1:03  Extractor  
  17  1:14  Spawning Pool  
  17  1:17  Drone  
  17  1:22  Drone  
  18  1:32  Drone  
  19  1:47  Drone  
  20  1:56  Drone  
  21  2:03  Queen  
  21  2:04  Queen  
  21  2:05  Overlord  
  25  2:09  Zergling x2  
  25  2:13  Metabolic Boost  
  26  2:18  Drone  
  26  2:20  Overlord  
  27  2:33  Drone x3  
  30  2:42  Queen  
  32  2:46  Drone x2  
  34  2:54  Queen  
  34  2:56  Drone x2  
  38  3:00  Zergling x2  
  39  3:09  Overlord  
  39  3:11  Drone  
  40  3:16  Zergling x8  
  44  3:21  Spore Crawler  
  44  3:31  Queen x2  
  48  3:35  Roach Warren  
  47  3:46  Overlord x2  
  47  3:47  Overlord  
  47  4:00  Overlord x2  
  47  4:15  Roach x7  
  60  4:20  Roach  
  60  4:21  Roach  
  64  4:28  Roach  
  64  4:30  Roach  
  68  4:37  Zergling x8  
  70  4:48  Roach  
  70  4:51  Zergling x2  
  70  5:17  Zergling x8  
  70  5:18  Queen x2  
  68  5:30  Hatchery  
  55  5:44  Zergling x6  
  55  5:45  Zergling x6  
  52  5:57  Queen  
  52  5:58  Queen  
  52  5:59  Zergling x4  
  58  6:07  Zergling x4  
  59  6:12  Extractor  
  59  6:13  Extractor  
  54  6:28  Zergling x16  
  53  6:38  Zergling x4  
  44  6:48  Queen x2  
  44  6:51  Queen  
  44  6:52  Roach x3  
  56  6:54  Drone x2  
  56  6:55  Drone  
  56  7:10  Roach  
  56  7:11  Roach x3  
  56  7:13  Zergling x6  
  56  7:14  Zergling x2  
  53  7:23  Roach  
  53  7:24  Roach x2  
  57  7:32  Zergling x2  
  57  7:33  Zergling x2  
  57  7:34  Queen x2  
  57  7:36  Roach  
  55  7:47  Roach  
  55  7:48  Roach  
  45  7:59  Roach x3  
  49  8:11  Roach  
  49  8:12  Roach  
  53  8:28  Roach x3  
  53  8:33  Roach  
  61  8:41  Ravager  
  61  8:44  Zergling x10  
  67  8:57  Zergling x2  
  67  8:58  Zergling x10  
  73  9:17  Zergling x2  
  73  9:18  Zergling x14  
  81  9:35  Zergling x6  
  81  9:36  Zergling x8  
  88  9:39  Overlord  
  88  9:50  Zergling x4  
  90  9:58  Zergling x6  
  76  10:14  Zergling x2  
  76  10:15  Zergling x6  
  67  10:24  Zergling x4  
  67  10:25  Zergling x2  
  61  10:37  Zergling x2  
  61  10:38  Queen x2, Zergling x4  
  61  10:39  Queen  
  61  10:41  Zergling x4  
  72  10:54  Zergling x6  
  75  10:57  Zergling x2  
  75  11:03  Zergling x4  
Show
View Real Time Build Order
Export as new Build Order

PiLiPiLi Protoss - Winner!

Build Orders: 1 Gate Expand 

Get SALT Encoding   

  12  0:01  Probe (Chrono Boost)  
  13  0:11  Probe (Chrono Boost)  
  14  0:19  Pylon  
  14  0:22  Probe (Chrono Boost)  
  15  0:37  Probe (Chrono Boost)  
  15  0:38  Gateway  
  16  0:48  Probe (Chrono Boost)  
  16  0:49  Assimilator  
  17  0:58  Probe (Chrono Boost)  
  18  1:09  Probe (Chrono Boost)  
  19  1:19  Probe (Chrono Boost)  
  19  1:24  Nexus  
  20  1:30  Probe (Chrono Boost)  
  21  1:36  Cybernetics Core  
  21  1:40  Probe (Chrono Boost)  
  21  1:46  Assimilator  
  22  1:51  Probe (Chrono Boost)  
  23  1:58  Pylon  
  23  2:16  Adept, Mothership Core (Chrono Boost)  
  23  2:22  Warp Gate (Chrono Boost)  
  27  2:34  Probe (Chrono Boost)  
  28  2:37  Probe (Chrono Boost)  
  29  2:44  Stalker  
  29  2:45  Probe (Chrono Boost)  
  29  2:46  Probe  
  33  2:57  Probe x2, Gateway  
  34  3:02  Pylon  
  35  3:07  Probe  
  35  3:09  Probe  
  37  3:18  Probe  
  38  3:21  Probe, Gateway  
  38  3:24  Gateway  
  37  3:28  Probe  
  37  3:33  Probe  
  39  3:36  Pylon  
  39  3:39  Probe  
  40  3:45  Probe  
  41  3:49  Probe  
  41  3:51  Pylon  
  42  3:57  Probe  
  42  4:00  Probe  
  43  4:09  Probe  
  44  4:10  Probe  
  44  4:16  Adept x2  
  49  4:18  Assimilator  
  49  4:20  Assimilator  
  49  4:21  Forge, Probe  
  49  4:22  Probe  
  49  4:23  Twilight Council  
  51  4:24  Adept  
  51  4:27  Adept  
  55  4:32  Probe  
  55  4:34  Probe  
  55  4:36  Adept x2  
  61  4:42  Probe  
  62  4:46  Pylon  
  62  4:54  Gateway x2  
  62  4:58  Sentry x2  
  62  4:59  Sentry, Pylon  
  68  5:01  Sentry  
  68  5:04  Pylon  
  70  5:13  Mothership Core  
  60  5:22  Stalker x3  
  60  5:26  Adept  
  50  5:37  Probe  
  50  5:38  Probe  
  44  5:46  Stalker x2, Mothership Core  
  44  5:47  Stalker x2  
  53  5:50  Probe  
  52  6:02  Probe  
  53  6:06  Probe  
  53  6:10  Adept x2  
  53  6:11  Adept x2  
  60  6:14  Probe  
  60  6:16  Probe  
  62  6:26  Probe  
  62  6:27  Probe  
  60  6:33  Adept x4  
  60  6:37  Probe  
  60  6:39  Probe  
  68  6:48  Probe  
  68  6:51  Probe  
  70  6:55  Adept x3  
  70  6:57  Adept  
  78  7:05  Probe  
  78  7:07  Probe  
  74  7:16  Probe  
  74  7:19  Probe, Adept x3  
  78  7:29  Probe  
  78  7:31  Probe  
  78  7:33  Blink (Chrono Boost)  
  76  7:39  Probe  
  76  7:43  Probe  
  74  7:46  Nexus  
  74  7:48  Sentry x4  
  74  7:50  Probe  
  67  8:05  Probe  
  67  8:11  Pylon  
  66  8:13  Probe  
  66  8:17  Robotics Facility, Pylon  
  66  8:19  Forge, Pylon  
  63  8:21  Probe  
  63  8:23  Sentry x2  
  63  8:24  Stalker  
  63  8:25  Stalker  
  63  8:26  Probe  
  72  8:33  Probe  
  74  8:36  Probe  
  75  8:45  Probe  
  76  8:52  Stalker x4  
  84  8:58  Protoss Ground Weapons Level 1 (Chrono Boost)  
  84  9:05  Observer  
  85  9:17  Stalker x4  
  94  9:31  Assimilator, Photon Cannon  
  94  9:33  Immortal, Pylon  
  94  9:37  Assimilator  
  97  9:41  Stalker x3  
  103  9:48  Stalker  
  105  9:57  Pylon  
  105  9:59  Robotics Bay  
  105  10:07  Adept x2  
  99  10:15  Immortal  
  99  10:18  Stalker x2  
  99  10:35  Stalker x2  
  103  10:45  Pylon, Photon Cannon  
  103  10:49  Stalker x2  
  107  10:53  Pylon  
  110  10:57  Gateway  
  110  11:00  Gateway  
  110  11:02  Stalker x2  
  114  11:18  Stalker x2  
Tags
 
Add a new tag
Caveats
  • Supply blocks, unpowered buildings, or Contaminate may cause inaccurate times.
  • Supply counts are checked every 10 seconds.